 Dungeon Crawl Stone Soup version 0.18.1-5-g4a78601 (webtiles) character file.

179 LORDOFBUTT the Skirmisher (level 5, -6/63 HPs)
             Began as a Demonspawn Berserker on May 10, 2016.
             Was a Believer of Trog.
             Killed from afar by an orc wizard (15 damage)
             ... with a puff of flame
             ... on level 3 of the Dungeon.
             The game lasted 00:04:56 (1943 turns).

LORDOFBUTT the Skirmisher (Demonspawn Berserker)    Turns: 1943, Time: 00:04:57

Health: -6/63      AC:  5    Str: 22    XL:     5   Next: 32%
Magic:  5/5        EV: 12    Int:  8    God:    Trog [**....]
Gold:   160        SH:  0    Dex: 16    Spells: 0 memorised, 4 levels left

rFire  . . .     SeeInvis .       - Unarmed
rCold  . . .     Gourm    .     a - +0 animal skin
rNeg   . . .     Faith    .     (no shield)
rPois  .         Spirit   .     (no helmet)
rElec  .         Dismiss  .     h - +0 cloak
rCorr  .         Reflect  .     (no gloves)
SustAt .         Harm     .     (no boots)
MR     .....                    (no amulet)
Stlth  ..........               g - +2 ring of dexterity
                                (no ring)

@: berserking (expiring), drained, very quick, not resistant to hostile
enchantments, extremely unstealthy
A: thin metallic scales 1, nightstalker 1
a: Berserk, Trog's Hand, Burn Spellbooks, Renounce Religion


You were on level 3 of the Dungeon.
You worshipped Trog.
Trog was pleased with you.
You were not hungry.

You visited 1 branch of the dungeon, and saw 3 of its levels.

You collected 160 gold pieces.

Inventory:

Armour
 a - a +0 animal skin (worn)
 h - a +0 cloak (worn)
Jewellery
 d - an uncursed ring of flight
 g - a +2 ring of dexterity (right hand)
 n - an uncursed amulet of harm
 s - an uncursed ring of teleportation
Scrolls
 i - a scroll of enchant weapon
 j - 2 scrolls of blinking
 l - a scroll of random uselessness
 m - a scroll of amnesia
 q - a scroll of enchant armour {unknown}
 r - a scroll of magic mapping {unknown}
Potions
 e - a potion of might
 f - a potion of haste
 p - a potion of invisibility {unknown}
Comestibles
 b - a bread ration
 k - 2 meat rations


   Skills:
 + Level 3.8(2.7) Fighting
 + Level 1.9(0.9) Armour
 + Level 3.0(1.9) Dodging
 + Level 2.0(0.9) Stealth
 + Level 3.7(2.6) Unarmed Combat


You had 4 spell levels left.
You didn't know any spells.

Dungeon Overview and Level Annotations

Branches:
Dungeon (3/15)

Altars:
Okawaru
Pakellas
Trog
Vehumet

Annotations:
D:2 Natasha


Innate Abilities, Weirdness & Mutations

You are partially covered in thin metallic scales (AC +2).
You are slightly more attuned to the shadows.


Message History

You punch the orc!
You kill the orc!
Trog accepts your kill. Something hits you but does no damage.
You closely miss something. Something hits you. The orc closely misses you.
You completely miss something. Something hits you but does no damage.
You miss something. Something hits you. The orc hits you with a club.
You barely miss something. Something hits you.
* * * LOW HITPOINT WARNING * * *
You miss something.
You hear some strange, mumbled words.
A puff of flame appears from out of thin air!
The puff of flame hits you!
* * * LOW HITPOINT WARNING * * *
The orc hits you but does no damage.
You hit something.
You hear some strange, mumbled words.
A puff of flame appears from out of thin air!
The puff of flame hits you!
You die...

..'......##
#.#..........#[..
..#....###
#............#.###
..######
##......[......#
#......#
#.#######......
.<###### #..# .......
### ##.# ...... # #(#
.... #(# #####@#
######......{o....#
#####......######....##
......###### #...#
####### ...# ....! ###.


You could see an orc.

Vanquished Creatures
  Jessica (D:2)
  Terence (D:2)
  Natasha (D:2)
  3 adders
  2 worms (D:2)
  4 dart slugs
  A giant gecko (D:2)
  2 orcs (D:3)
  9 bats
  A giant cockroach (D:2)
  10 goblins
  10 hobgoblins
  3 kobolds (D:3)
  10 rats
58 creatures vanquished.

Notes
Turn   | Place    | Note
--------------------------------------------------------------
     0 | D:1      | LORDOFBUTT the Demonspawn Berserker began the quest for the Orb.
     0 | D:1      | Reached XP level 1. HP: 18/18 MP: 1/1
   180 | D:1      | Gained mutation: You are slightly more attuned to the shadows. [demonic ancestry]
   180 | D:1      | Reached XP level 2. HP: 24/24 MP: 2/2
   692 | D:2      | Noticed Terence
   703 | D:2      | Killed Terence
   703 | D:2      | Reached XP level 3. HP: 29/29 MP: 3/3
   894 | D:2      | Noticed Jessica
   906 | D:2      | Killed Jessica
   906 | D:2      | Reached ** piety under Trog
   906 | D:2      | Reached skill level 1 in Stealth
   906 | D:2      | Reached XP level 4. HP: 36/37 MP: 4/4
  1174 | D:2      | Found an oddly glowing altar of Pakellas.
  1250 | D:2      | Noticed Natasha
  1262 | D:2      | Killed Natasha
  1321 | D:2      | Found an iron altar of Okawaru.
  1321 | D:2      | Found a radiant altar of Vehumet.
  1321 | D:2      | Found a bloodstained altar of Trog.
  1334 | D:2      | Noticed Natasha
  1346 | D:2      | HP: 1/37 [poisoned by an adder]
  1360 | D:2      | HP: 1/37 [poisoned by an adder]
  1461 | D:2      | Gained mutation: You are partially covered in thin metallic scales (AC +2). [demonic ancestry]
  1461 | D:2      | Reached XP level 5. HP: 29/42 MP: 5/5
  1943 | D:3      | Killed from afar by an orc wizard

Skill      XL: |  1  2  3  4  5 |
---------------+----------------+-----
Unarmed Combat | 3 |  3.7
Dodging        | 2 3 |  3.0
Stealth        | 1 2 |  2.0
Fighting       | |  3.8
Armour         | |  1.9

Action                   |  1- 3 |  4- 6 || total
-------------------------+-------+-------++-------
Melee: Unarmed           |    80 |   120 ||   200
       Punch             |     1 |     3 ||     4
Invok: Berserk           |     2 |     3 ||     5
       Trog's Hand       |       |     1 ||     1
  Use: Potion            |       |     5 ||     5
       Scroll            |       |     5 ||     5
 Stab: Sleeping          |     4 |    11 ||    15
  Eat: Fruit             |     2 |       ||     2
       Chunk             |       |     3 ||     3
       Bread ration      |       |     1 ||     1
Armor: Animal skin       |    18 |    19 ||    37
Dodge: Dodged            |    52 |    84 ||   136
